 Dungeon Crawl Stone Soup version 0.28.0 (webtiles) character file.

Game seed: 17663242589217138060

746 browni3141 the Skirmisher (level 7, 0/90 (96) HPs)
             Began as a Minotaur Berserker on Feb 16, 2022.
             Was a Believer of Trog.
             Slain by a wight (3 damage)
             ... on level 5 of the Dungeon.
             The game lasted 00:01:37 (3999 turns).

browni3141 the Skirmisher (Minotaur Berserker)      Turns: 3999, Time: 00:01:38

HP:   0/90 (96)     AC:  2    Str: 24    XL:     7   Next: 48%
MP:   6/6           EV: 12    Int:  4    God:    Trog [**....]
Gold: 227           SH:  0    Dex:  9    Spells: 6/6 levels left

rFire   . . .      SeeInvis .   a - +0 hand axe
rCold   . . .      Faith    .   (no shield)
rNeg    . . .      Spirit   .   b - +0 animal skin
rPois   .          Reflect  .   (helmet restricted)
rElec   .          Harm     .   (no cloak)
rCorr   .          Rampage  .   (no gloves)
Will    .....                   (no boots)
Stlth   ..........              (no amulet)
HPRegen 0.25/turn               (no ring)
MPRegen 0.10/turn               (no ring)

@: berserking, drained, very quick
A: horns 2, retaliatory headbutt
a: Renounce Religion, Berserk, Trog's Hand


You were on level 5 of the Dungeon.
You worshipped Trog.
Trog was pleased with you.
You visited 1 branch of the dungeon, and saw 5 of its levels.

You collected 227 gold pieces.

Inventory:

Hand Weapons
 a - a +0 hand axe (weapon)
Armour
 b - a +0 animal skin (worn)
Jewellery
 g - a ring of fire
Wands
 j - a wand of flame (23)
Scrolls
 c - 4 scrolls of identify {unknown}
 e - 2 scrolls of enchant weapon {unknown}
 f - a scroll of teleportation {unknown}
 k - 2 scrolls of immolation {unknown}
 m - a scroll of noise {unknown}
 n - a scroll of holy word {unknown}
Potions
 d - a potion of lignification {unknown}
 h - a potion of degeneration {unknown}
 i - 2 potions of mutation {unknown}
 l - a potion of curing {unknown}


   Skills:
 + Level 6.8 Fighting
 + Level 6.8 Axes
 + Level 6.2 Armour
 - Level 2.1 Dodging


You had 6 spell levels left.
You didn't know any spells.
Your spell library was empty.

Dungeon Overview and Level Annotations

Branches:
Dungeon (5/15)
 Temple: D:4-7

Altars:


Innate Abilities, Weirdness & Mutations

You have a pair of horns on your head.
You reflexively headbutt those who attack you in melee.


Message History

You feel sick. The adder bites you. The wight barely misses you.
You furiously retaliate!
You headbutt the wight. You hit the adder.
The adder is heavily wounded.
You hit the wight.
You feel sick. The adder closely misses you.
The wight hits you with a +5 scimitar!
You fail to use your ability.
You feel sick. The adder bites you. The wight hits you with a +5 scimitar!
* * * LOW HITPOINT WARNING * * *
You feel drained. The adder barely misses you.
You are too injured to fight recklessly!
You are too injured to fight recklessly!
You are too injured to fight recklessly!
A red film seems to cover your vision as you go berserk!
You feel yourself moving faster!
You feel mighty!
You feel sick. The adder barely misses you. You furiously retaliate!
You headbutt the adder!
You kill the adder!
Trog accepts your kill. The wight hits you with a +5 scimitar.
* * * LOW HITPOINT WARNING * * *
You are too injured to fight recklessly!
You are too injured to fight recklessly!
You are too injured to fight recklessly!
You slash the wight!
You destroy the wight!
Trog accepts your kill.
You feel sick.
A bullfrog zombie and a wyvern zombie come into view.
The wight hits you with a +0 scimitar!
* * * LOW HITPOINT WARNING * * *
You feel drained.
* * * LOW HITPOINT WARNING * * *
You see here an adder corpse.
You barely miss the wight.
You feel sick.
You hit the wight.
The wight is moderately damaged.
You feel sick.
You are no longer poisoned.
The wight hits you with a +0 scimitar.
You die...

...............
...............
....$.....ZZ...
............ ..#.........
..#.......#
.......z..####+
.......@)......
...............
.......)....... .....#..
............#####+#....#..
..........................
..........................
........................>.
.
.......####...........#..
.######
......###....##.........


You could see a wight, a bullfrog zombie and a wyvern zombie.

Vanquished Creatures
  A necrophage (D:4)
  2 ogres
  A phantom (D:4)
  2 wights (D:5)
  A centaur zombie (D:5)
  A bullfrog zombie (D:5)
  A jelly (D:5)
  Jessica (D:3)
  Ijyb (D:3)
  3 iguanas
  A scorpion zombie (D:5)
  6 adders
  A worm (D:3)
  2 dart slugs
  An orc (D:5)
  2 ball pythons
  9 endoplasms
  2 giant cockroaches
  A goblin (D:4)
  6 hobgoblins
  2 kobolds
  4 quokkas
  4 bats
  A frilled lizard (D:2)
  2 rats
58 creatures vanquished.

Vanquished Creatures (others)
  2 plants (D:1)
2 creatures vanquished.

Grand Total: 60 creatures vanquished

Notes
Turn   | Place    | Note
-------+----------+-------------------------------------------
     0 | D:1      | browni3141 the Minotaur Berserker began the quest for the
                  | Orb.
     0 | D:1      | Reached XP level 1. HP: 19/19 MP: 0/0
    34 | D:1      | Found a faded altar of an unknown god.
    64 | D:1      | You fall into a shaft and drop 1 floor!
   209 | D:1      | Reached XP level 2. HP: 19/27 MP: 1/1
  1222 | D:2      | Found the +4 dagger "Morg" {pain, Will+ Int+5}
  1233 | D:2      | Reached XP level 3. HP: 28/33 MP: 2/2
  1708 | D:3      | Noticed Jessica
  1714 | D:3      | Killed Jessica
  1757 | D:3      | Noticed Ijyb
  1765 | D:3      | Killed Ijyb
  1766 | D:3      | Reached XP level 4. HP: 25/41 MP: 3/3
  2872 | D:4      | Reached skill level 5 in Fighting
  2875 | D:4      | Reached ** piety under Trog
  2876 | D:4      | Reached XP level 5. HP: 47/48 MP: 4/4
  2900 | D:4      | Noticed a necrophage
  2900 | D:4      | Noticed an ogre
  2905 | D:4      | Reached skill level 5 in Axes
  2907 | D:4      | Killed an ogre
  2907 | D:4      | Killed a necrophage
  2908 | D:4      | Reached XP level 6. HP: 57/57 MP: 5/5
  2986 | D:4      | Reached skill level 5 in Armour
  3490 | D:5      | Entered Level 5 of the Dungeon
  3572 | D:5      | Reached XP level 7. HP: 52/63 MP: 6/6
  3997 | D:5      | HP: 4/90 [wight (2)]
  3999 | D:5      | Slain by a wight

Illustrated notes

Levels and vault maps discovered:
D:1:      amcnicky_arrival_feature_with_door, layout_loops_ring,
          ebering_ecumenical_altar_box, serial_forest,
          infiniplex_forest_lined_2, infiniplex_forest_clump_large,
          infiniplex_forest_lined_corner, infiniplex_forest_3_way,
          infiniplex_forest_lined_3_way
D:2:      layout_basic, chequers_serial_rivers_micro_a
D:3:      layout_loops_ring, uniq_ijyb, uniq_jessica
D:4:      layout_basic
D:5:      layout_basic, serial_undead, serial_undead_d, serial_undead_a,
          serial_undead_d, serial_undead_e, kennysheep_small_spiral,
          kennysheep_generic_room_4

Skill      XL: |  1  2  3  4  5  6  7 |
---------------+----------------------+-----
Axes           | 4 5 6 |  6.8
Fighting       | 4 5 6 |  6.8
Armour         | 3 4 5 6 |  6.2
Dodging        | |  2.1

Action                   |  1- 3 |  4- 6 |  7- 9 || total
-------------------------+-------+-------+-------++-------
Melee: Hand axe          |    51 |    48 |    29 ||   128
       Headbutt          |    13 |    10 |     5 ||    28
       Punch             |       |     2 |       ||     2
Invok: Berserk           |       |     2 |     2 ||     4
 Stab: Sleeping          |     1 |       |       ||     1
Armor: Animal skin       |    13 |     5 |     5 ||    23
Dodge: Dodged            |    32 |    29 |    17 ||    78
